 Dungeon Crawl Stone Soup version 0.22-a0-271-gc000056 (webtiles) character file.

6452220 Zwobot the Pyromancer (level 27, 209/209 HPs)
             Began as an Octopode Fire Elementalist on Mar 10, 2018.
             Was the Champion of Ashenzari.
             Escaped with the Orb
             ... and 8 runes!
             The game lasted 07:16:30 (77152 turns).

Zwobot the Pyromancer (Octopode Fire Elementalist) Turns: 77152, Time: 07:16:31

Health: 209/209    AC: 13    Str: 19    XL:     27
Magic:  68/68      EV: 37    Int: 36    God:    Ashenzari [******]
Gold:   10082      SH: 23    Dex: 15    Spells: 2/72 levels left

rFire    + + +     SeeInvis +   i - +8 mithril axe "Arga" {speed, MR+} (curse)
rCold    + . .     Gourm    .   t - +5 shield (curse)
rNeg     + + .     Faith    .   w - +3 crown of Dyrovepreva {rElec Int+2 SInv} (curse)
rPois    +         Spirit   .   c - +4 amulet of reflection
rElec    +         Reflect  +   Z - ring of protection from magic (curse)
rCorr    .         Harm     .   G - ring of Loefuebu {rElec rPois rF++ rN+ MP+9}
MR       +++++     Clarity  +   y - ring of Robustness {AC+8} (curse)
Stlth    ++++......             D - ring "Cuonnoxo" {rC+ rN+ MP+9 Str+3 Stlth-} (curse)
HPRegen  0.44/turn              Q - ring "Zabulura" {rF+ EV+3 Int+6} (curse)
MPRegen  0.41/turn              T - ring "Ynucahas" {Wiz Int+2} (curse)
                                E - +5 ring of evasion
                                l - ring of Manwoh {EV+5 Str+5} (curse)

@: no status effects
A: almost no armour, stealthy swim, amphibious, 8 rings, constrict 8, beak,
camouflage 1, blurry vision 1, deterioration 1, magic resistance 1, shaggy fur
1, inhibited regeneration, strong 1, wild magic 1, gelatinous body 1, MP-powered
wands
0: Orb of Zot
}: 8/15 runes: decaying, silver, golden, iron, obsidian, icy, bone, gossamer
a: Curse Item, Scrying, Transfer Knowledge, Renounce Religion


You escaped.
You worshipped Ashenzari.
Ashenzari was exalted by your worship.
You were full.

You visited 17 branches of the dungeon, and saw 84 of its levels.
You also visited: Ice Cave and Volcano.

You collected 12588 gold pieces.
You spent 2506 gold pieces at shops.

Inventory:

Hand Weapons
 i - the cursed +8 mithril axe "Arga" (weapon) {speed, MR+}
   (You found it on level 11 of the Dungeon)

   Attacks with this weapon are significantly faster.
   It affects your resistance to hostile enchantments.
   It has a curse placed upon it.
 W - a +4 demon whip of distortion
Missiles
 u - 5 throwing nets (quivered)
Armour
 t - a cursed +5 shield (worn)
 w - the cursed +3 crown of Dyrovepreva (worn) {rElec Int+2 SInv}
   (You found it on level 3 of the Tomb of the Ancients)

   It affects your intelligence (+2).
   It insulates you from electricity.
   It lets you see invisible.
   It has a curse placed upon it.
Jewellery
 a - the amulet of the Four Winds {rN+ MR+++ Clar}
   (You found it on level 7 of Cocytus)

   [amulet of nothing]

   It protects you from negative energy.
   It affects your resistance to hostile enchantments.
   It protects you against confusion.
 c - a +4 amulet of reflection (around mantle)
 f - a +2 ring of slaying
 l - the cursed ring of Manwoh (on tentacle) {EV+5 Str+5}
   (You acquired it on level 12 of the Dungeon)

   [ring of evasion]

   It affects your evasion (+5).
   It affects your strength (+5).
   It has a curse placed upon it.
 x - the ring of Xom's Wantonness {rN+ MR- MP-9 Dex+8 Slay+6}
   (You found it on level 3 of the Crypt)

   [ring of positive energy]

   It affects your dexterity (+8).
   It affects your accuracy and damage with ranged weapons and melee attacks
   (+6).
   It protects you from negative energy.
   It affects your resistance to hostile enchantments.
   It affects your magic capacity (-9).
 y - the cursed ring of Robustness (on tentacle) {AC+8}
   (You took it off a deep elf sorcerer on level 3 of the Elven Halls)

   [ring of protection]

   It affects your AC (+8).
   It has a curse placed upon it.
 D - the cursed ring "Cuonnoxo" (on tentacle) {rC+ rN+ MP+9 Str+3 Stlth-}
   (You found it on level 3 of the Crypt)

   [ring of positive energy]

   It affects your strength (+3).
   It protects you from cold.
   It protects you from negative energy.
   It affects your magic capacity (+9).
   It makes you less stealthy.
   It has a curse placed upon it.
 E - a +5 ring of evasion (on tentacle)
 G - the ring of Loefuebu (right tentacle) {rElec rPois rF++ rN+ MP+9}
   (You took it off an efreet on level 7 of the Iron City of Dis)

   [ring of magical power]

   It greatly protects you from fire.
   It insulates you from electricity.
   It protects you from poison.
   It protects you from negative energy.
   It affects your magic capacity (+9).
 Q - the cursed ring "Zabulura" (on tentacle) {rF+ EV+3 Int+6}
   (You found it on level 6 of the Lair of Beasts)

   [ring of evasion]

   It affects your evasion (+3).
   It affects your intelligence (+6).
   It protects you from fire.
   It has a curse placed upon it.
 S - the amulet of Vitality {Regen+ HP+15}
   (You found it on level 3 of the Crypt)

   [amulet of regeneration]

   It affects your health (+15).
   It increases your rate of regeneration.
 T - the cursed ring "Ynucahas" (on tentacle) {Wiz Int+2}
   (You found it on level 6 of the Lair of Beasts)

   [ring of wizardry]

   It improves your spell success rate.
   It affects your intelligence (+2).
   It has a curse placed upon it.
 Y - an uncursed ring of resist corrosion
 Z - a cursed ring of protection from magic (left tentacle)
Wands
 g - a wand of acid (6)
 m - a wand of clouds (5)
 M - a wand of iceblast (49)
 O - a wand of digging (22)
Scrolls
 e - 10 scrolls of teleportation
 h - 24 scrolls of identify
 n - 20 scrolls of remove curse
 o - 9 scrolls of immolation
 q - a scroll of fear
 s - 8 scrolls of summoning
 J - 3 scrolls of blinking
 X - 7 scrolls of enchant armour
Potions
 d - 5 potions of agility
 k - 3 potions of berserk rage
 p - 7 potions of ambrosia
 v - 4 potions of cancellation
 z - 8 potions of flight
 A - a potion of magic
 F - 2 potions of haste
 H - 8 potions of resistance
 I - 7 potions of curing
 K - 2 potions of might
 L - 4 potions of lignification
 U - 6 potions of heal wounds
Miscellaneous
 j - 5 sacks of spiders
 r - a lamp of fire
 C - a figurine of a ziggurat
 P - a lightning rod (4/4)
 V - a crystal ball of energy
Comestibles
 b - 49 rations


   Skills:
 - Level 22.5 Fighting
 - Level 13.8(18.0) Axes
   Level 4.3(10.1) Polearms
 - Level 11.6(15.8) Dodging
 - Level 23.9(27) Stealth
 - Level 12.3(15.0) Shields
 - Level 23.0 Spellcasting
 + Level 24.7(26.7) Conjurations
 - Level 5.6(8.7) Charms
 - Level 4.1(7.0) Summonings
 - Level 5.8(8.9) Necromancy
 - Level 14.9(17.5) Translocations
 - Level 5.1(8.1) Transmutations
 + Level 25.5(27) Fire Magic
   Level 2.0(4.2) Ice Magic
 - Level 7.8(10.8) Air Magic
 - Level 5.1(8.1) Earth Magic
   Level 3.9(6.7) Poison Magic
 - Level 12.7(15.3) Evocations


You had 2 spell levels left.
You knew the following spells:

 Your Spells              Type           Power        Failure   Level  Hunger
a - Orb of Destruction    Conj           ########..   1%          7    None
b - Bolt of Fire          Conj/Fire      ########..   1%          6    None
c - Statue Form           Tmut/Erth      #######..    2%          6    None
d - Fire Storm            Conj/Fire      ########..   1%          9    ####...
e - Blink                 Tloc           N/A          1%          2    None
f - Disjunction           Tloc           ########..   2%          8    ##.....
g - Fireball              Conj/Fire      ########..   1%          5    None
h - Deflect Missiles      Chrm/Air       #######...   1%          6    None
i - Aura of Abjuration    Summ           #######...   1%          5    None
j - Passage of Golubria   Tloc           N/A          1%          4    None
k - Regeneration          Chrm/Necr      #######...   1%          3    None
l - Apportation           Tloc           ######       1%          1    None
m - Controlled Blink      Tloc           N/A          2%          8    ##.....


Dungeon Overview and Level Annotations

Branches:
Dungeon (15/15)            Temple (1/1) D:6            Lair (6/6) D:8
  Swamp (4/4) Lair:3       Spider (4/4) Lair:3        Slime (0/5) Lair:5
    Orc (2/2) D:10            Elf (3/3) Orc:2        Vaults (5/5) D:14
  Crypt (3/3) Vaults:3       Tomb (3/3) Crypt:3      Depths (5/5) D:15
   Hell (1/1)                 Dis (7/7) Hell            Geh (7/7) Hell
    Coc (7/7) Hell            Tar (7/7) Hell            Zot (5/5) Depths:5

Altars:
Ashenzari
Cheibriados
Dithmenos
Elyvilon
Fedhas
Gozag
Hepliaklqana
Kikubaaqudgha
Makhleb
Nemelex Xobeh
Okawaru
Qazlal
Ru
Sif Muna
Trog
Uskayaw
Vehumet
Wu Jian
Xom
Yredelemnul
Zin
The Shining One
Jiyva

Shops:
D:6 :   Orc:2 :}(*(   Elf:1 }   Vaults:4 ?   Depths:1 ?

Portals:
Hell: Depths:1 Depths:2 Depths:3 Depths:4 Depths:5
Abyss: Depths:1 Depths:4
Pandemonium: Depths:3
Ziggurat: Depths:1
Trove: D:12 (give 8 potions of haste)

Annotations:
D:2 Natasha
D:4 Zwobot's ghost, novice OpFE
D:5 Anon1729's ghost, novice DsFE; Dowan; Duvessa
D:12 1 runed door
D:13 3 exclusions, Rupert
Lair:6 Nr616's ghost, journeyman MiBe
Elf:2 4 runed doors
Dis:7 Dispater


Innate Abilities, Weirdness & Mutations

You cannot wear most types of armour.
You are very stealthy in the water. (Stealth+)
You are amphibious.
You can wear up to eight rings at the same time.
You can use your tentacles to constrict eight enemies at once.
Your skin changes colour to match your surroundings (Stealth+).
Your rubbery body absorbs attacks. (AC +1, EV +1)
You have a beak for a mouth.
Scrolls take you a little longer to read.
Your body sometimes deteriorates upon taking damage.
You are resistant to hostile enchantments. (MR+)
You are covered in fur. (AC +1)
You do not regenerate when monsters are visible.
Your muscles are strong. (Str +2)
Your spells are a little harder to cast, but a little more powerful.
You expend magic power (3 MP) to strengthen your wands.


Message History

A neqoxec comes into view.
You block the neqoxec's attack.
You slice the neqoxec!! Your grab misses the neqoxec.
Your peck misses the neqoxec.
The neqoxec is almost dead.
The neqoxec completely misses you.
You hit the neqoxec but do no damage. You grab the neqoxec.
Your peck misses the neqoxec.
You kill the neqoxec!
There is a stone staircase leading up here.
You climb upwards.
There is a stone staircase leading down here.
(D) Dungeon (T) Temple (L) Lair (S) Swamp (N) Spider Nest (M) Slime Pits (O) Orcish Mines (E) Elven Halls (V) Vaults (C) Crypt (W) Tomb (U) Depths (H) Hell (I) Dis (G) Gehenna (X) Cocytus (Y) Tartarus (Z) Zot
Where to? (Enter - D:1 @ (x,y), ? - help)
There is a staircase leading out of the dungeon here.
You have escaped!

#........##.#.# #.#
#........##.#.#####.#
#........##.#.......#
#........##.#.......#
#........##.#.......#
#.).................#
#.###.#####.#........
#.#..........[......#
#.#.@...............#
#.#..#####'#...####.#
#.#..##...##...# #.#
#.#..#.'##.#...# #.#
###..#.#8#.#...####.#
#..#.###.#.........
#..##...##...#####.
#..#####'#...# #.
#............# #.


There were no monsters in sight!

Vanquished Creatures
  Antaeus (Coc:7)
  Asmodeus (Geh:7)
  Ereshkigal (Tar:7)
  the Serpent of Hell (Dis:7)
  13 ancient liches
  Khufu (Tomb:3)
  5 orbs of fire (Zot:5)
  A juggernaut (Depths:5)
  17 greater mummies
  Frederick (Tomb:3)
  13 shard shrikes
  3 Killer Klowns (Zot:5)
  Xtahua (Vaults:2)
  Geryon (Hell)
  5 doom hounds
  the Enchantress (Depths:2)
  13 golden dragons
  6 bone dragons
  14 Tzitzimimeh
  9 Brimstone Fiends
  4 electric golems
  22 tentacled monstrosities
  5 iron giants
  9 Ice Fiends
  11 liches
  24 Orb Guardians (Zot:5)
  6 Hell Sentinels
  3 quicksilver dragons
  8 titans
  2 deep elf blademasters (Elf:3)
  A quicksilver dragon (shapeshifter) (Vaults:1)
  Murray (Hell)
  An Executioner (Zot:3)
  3 deep elf master archers (Elf:3)
  Gastronok (D:8)
  14 ancient champions
  8 death cobs
  18 sphinxes
  16 shadow dragons
  A storm dragon (shapeshifter) (Depths:2)
  6 thorn hunters
  25 storm dragons
  6 revenants
  10 tengu reavers
  4 draconian monks
  22 fire giants
  Louise (Elf:1)
  Aizul (Vaults:1)
  A ghost moth (shapeshifter) (Depths:2)
  6 deep elf sorcerers
  7 ghost moths
  8 emperor scorpions
  9 iron dragons
  9 draconian shifters
  7 draconian knights
  8 cacodemons
  6 balrugs (Geh:7)
  20 frost giants
  6 draconian scorchers
  A caustic shrike zombie (Crypt:1)
  10 vault wardens
  4 ghouls
  3 curse skulls
  3 elemental wellsprings
  A draconian stormcaller (Zot:4)
  11 ironheart preservers
  4 draconian annihilators
  10 war gargoyles
  24 stone giants
  42 reapers
  3 spriggan defenders (Depths:2)
  A caustic shrike skeleton (Crypt:2)
  3 deep elf elementalists
  A juggernaut skeleton (Crypt:1)
  4 entropy weavers
  20 very ugly things
  A vampire knight (Depths:5)
  Nessos (D:12)
  2 bennus (Tomb:3)
  5 lorocyprocas
  17 red draconians
  14 green draconians
  5 deep elf demonologists
  13 black draconians
  16 yellow draconians
  6 deep elf annihilators
  A spark wasp (shapeshifter) (Depths:2)
  11 white draconians
  10 blizzard demons
  The ghost of 4thArraOfDagon the Earth Mage, a journeyman BaEE of Vehumet (Orc:2)
  8 purple draconians
  10 spark wasps
  4 eidola
  2 merfolk javelineers (Depths:4)
  12 ettins
  12 fire dragons
  A fire dragon (shapeshifter) (Depths:2)
  19 mummy priests
  8 deep elf death magi
  2 crystal guardians (Depths:2)
  12 deep elf high priests
  10 ogre magi
  Josephine (D:14)
  13 jiangshi
  3 quicksilver dragon zombies
  22 yaktaur captains
  23 hydras
  Harold (Lair:2)
  2 rakshasas
  A kraken zombie (Coc:3)
  A juggernaut simulacrum (Depths:2)
  Fannar (Lair:2)
  8 great orbs of eyes
  2 quicksilver dragon skeletons
  7 ice dragons
  36 vault guards
  2 peacekeepers (Elf:2)
  2 ghost crabs (Swamp:4)
  4 catoblepae
  12 spriggan air magi
  12 centaur warriors
  An anaconda (shapeshifter) (D:15)
  7 death knights
  41 two-headed ogres
  Erica (D:8)
  12 vampire magi
  6 alligators
  An alligator (shapeshifter) (Depths:2)
  18 dancing weapons
  5 tengu warriors
  76 death scarabs
  7 deep troll earth magi
  A satyr (shapeshifter) (Depths:5)
  A shock serpent (shapeshifter) (Depths:4)
  5 death yaks (Lair:6)
  6 deep troll shamans
  23 hell hogs
  8 spriggan berserkers
  3 titan zombies
  22 deep elf knights
  2 storm dragon zombies
  7 titan skeletons
  11 soul eaters
  6 sun demons
  Sonja (Lair:2)
  3 golden dragon zombies
  A sixfirhy (D:12)
  37 hell knights
  74 skeletal warriors
  4 iron trolls
  A death drake (Tar:7)
  A shadow wraith (Vaults:1)
  2 iron golems (Hell)
  2 ghost moth zombies
  2 storm dragon skeletons
  7 flayed ghosts
  14 shadow demons
  7 anaconda zombies
  A spriggan druid (Swamp:1)
  An obsidian statue (Zot:5)
  An unseen horror (shapeshifter) (Vaults:2)
  9 swamp dragons
  12 ironbrand convokers
  2 large abominations (Zot:3)
  16 deep trolls
  3 shambling mangroves
  13 unseen horrors
  16 deep elf archers
  5 glowing orange brains
  14 phantasmal warriors
  A shadow dragon zombie (Geh:7)
  A kraken simulacrum (Hell)
  A lindwurm (Lair:6)
  9 wizards
  3 golden dragon skeletons
  8 necromancers
  8 cyclopes
  4 wolf spider zombies
  6 fire giant zombies
  2 anaconda skeletons
  66 deep elf magi
  10 harpies
  A manticore (shapeshifter) (Vaults:5)
  11 orc knights
  4 stone giant zombies
  A mana viper (Depths:2)
  A faun (shapeshifter) (Depths:2)
  A shadow dragon skeleton (Coc:7)
  31 wolf spiders
  2 iron dragon zombies
  A shining eye (shapeshifter) (Vaults:5)
  2 frost giant zombies
  18 orb spiders
  36 moths of wrath
  65 ugly things
  3 manticores
  A moth of wrath (shapeshifter) (Depths:2)
  6 iron dragon skeletons
  A shock serpent zombie (Tar:7)
  A torpor snail (Lair:3)
  5 dire elephant zombies
  5 stone giant skeletons
  6 ice statues
  19 vault sentinels
  4 elephants (Lair:6)
  A torpor snail (shapeshifter) (Vaults:5)
  3 frost giant skeletons
  3 orange demons
  3 fire giant skeletons
  2 black mambas (shapeshifter)
  4 dire elephant skeletons
  29 rust devils
  2 black mambas (Lair:5)
  7 smoke demons
  3 spectral swamp worms (Tar:7)
  13 molten gargoyles
  3 centaur skeletons
  7 gargoyles
  The ghost of 4thArraOfDagon the Digger, a novice BaEE of Sif Muna (D:7)
  2 spiny frogs (shapeshifter)
  26 freezing wraiths
  A shock serpent skeleton (Geh:7)
  2 storm dragon simulacra
  12 spiny frogs
  16 demonic crawlers
  59 yaktaurs
  3 efreet
  A catoblepas zombie (Coc:7)
  7 hellions
  A kobold demonologist (D:12)
  2 rime drakes
  3 iron troll zombies (Dis:1)
  7 komodo dragons
  A komodo dragon (shapeshifter) (Depths:5)
  A golden dragon simulacrum (IceCv)
  A ghost moth simulacrum (Hell)
  41 ice devils
  12 red devils
  4 silent spectres
  A catoblepas skeleton (Tar:6)
  A minotaur skeleton (Tar:7)
  27 guardian mummies
  3 tengu conjurers (D:14)
  29 tormentors
  27 jumping spiders
  A queen bee (Spider:1)
  3 tyrant leeches
  5 anaconda simulacra
  8 trolls
  A harpy zombie (Geh:2)
  31 hornets
  6 hydra zombies
  5 meliai
  2 polar bears
  5 dream sheep
  A dream sheep (shapeshifter) (Vaults:5)
  4 hydra skeletons
  7 bog bodies
  A jumping spider (shapeshifter) (Vaults:1)
  A hornet (shapeshifter) (Vaults:2)
  A fire dragon zombie (Dis:2)
  2 harpy skeletons
  7 blink frogs
  7 hippogriffs
  27 slime creatures
  2 blink frogs (shapeshifter)
  A meliai zombie (D:14)
  4 alligator zombies
  A fire giant simulacrum (Hell)
  4 ice dragon zombies
  A snapping turtle (shapeshifter) (Depths:2)
  An ettin zombie (Tomb:1)
  4 centaur simulacra
  11 spriggans
  45 flying skulls
  3 fire dragon skeletons
  4 ice dragon skeletons
  28 water elementals
  3 air elementals
  4 wyverns
  A shock serpent simulacrum (Hell)
  44 redbacks
  36 yaks
  An alligator skeleton (Tar:6)
  A tarantella (shapeshifter) (Vaults:2)
  3 ettin skeletons
  19 ushabtiu
  13 shadows
  14 fire elementals
  A ynoxinul (Depths:5)
  A tyrant leech zombie (Crypt:1)
  41 wraiths
  21 tarantellas
  3 basilisks
  2 hogs (shapeshifter)
  A spriggan (shapeshifter) (Depths:4)
  4 fire bats (Geh:1)
  9 hungry ghosts
  Grum (D:9)
  A human simulacrum (Vaults:2)
  A neqoxec (D:2)
  2 spatial vortices
  A vampire mosquito (D:12)
  A soldier ant (D:13)
  An iron troll simulacrum (IceCv)
  4 wargs
  An acid dragon (shapeshifter) (Depths:4)
  13 insubstantial wisps (Swamp:1)
  18 swamp worms
  2 acid dragons
  6 spiny frog zombies
  5 hydra simulacra (IceCv)
  3 harpy simulacra (IceCv)
  A glowing shapeshifter zombie (Crypt:1)
  13 water moccasins
  2 floating eyes
  9 porcupines
  57 hell hounds
  2 infernal demonspawn skeletons (Crypt:2)
  A hornet zombie (D:15)
  18 swamp drakes
  An eye of draining (D:15)
  44 orc warriors
  9 ice beasts
  4 black bears
  4 spiny frog skeletons
  An eye of draining (shapeshifter) (Vaults:1)
  9 necrophages
  7 sky beasts
  3 snapping turtle zombies
  6 boggarts (Depths:4)
  2 ice dragon simulacra
  5 phantoms
  An ettin simulacrum (IceCv)
  23 centaurs
  33 ogres
  14 wolves
  11 crocodiles
  An elephant skeleton (Crypt:1)
  6 snapping turtle skeletons
  An octopode zombie (Crypt:2)
  A hippogriff zombie (Crypt:1)
  A hog skeleton (Crypt:1)
  4 gnoll sergeants
  13 bullfrogs
  11 big kobolds
  A wyvern zombie (D:8)
  A salamander skeleton (Crypt:2)
  A water moccasin zombie (D:5)
  3 elf skeletons
  2 wyvern skeletons
  A troll zombie (Dis:7)
  6 scorpions
  26 killer bees
  3 swamp dragon simulacra
  28 wights
  2 troll skeletons
  A spriggan skeleton (Tar:3)
  An electric eel (Spider:4)
  7 crimson imps
  2 bullfrog zombies
  4 howler monkeys
  A draconian simulacrum (IceCv)
  6 hounds
  A quasit (D:8)
  6 jellies
  A human zombie (Crypt:1)
  14 orc priests
  A wyvern simulacrum (D:14)
  A gnoll shaman (D:7)
  2 bullfrog skeletons
  4 iguanas
  13 iron imps
  28 orc wizards
  A porcupine zombie (Crypt:2)
  A human skeleton (Crypt:1)
  A worker ant (shapeshifter) (Vaults:5)
  A killer bee zombie (Crypt:2)
  A polar bear simulacrum (IceCv)
  3 troll simulacra (IceCv)
  2 spriggan simulacra (IceCv)
  5 worker ants
  An ogre zombie (Geh:7)
  A hound zombie (D:9)
  3 hound skeletons
  52 mummies
  12 gnolls
  A howler monkey skeleton (D:9)
  2 ogre simulacra (IceCv)
  12 adders
  2 naga simulacra (IceCv)
  12 shadow imps
  23 white imps
  7 ufetubi
  2 oozes
  2 adder zombies
  3 worms
  A dart slug (D:1)
  6 leopard geckos
  85 orcs
  2 ball pythons (D:3)
  10 giant cockroaches
  3 goblins
  7 hobgoblins
  7 jackals
  A quokka (D:6)
  18 bats
  4 frilled lizards
  22 kobolds
  A leopard gecko zombie (D:9)
  17 rats
  2 bushes (D:14)
  2 crawling corpses (Elf:1)
  A plant (Zot:5)
  2 tentacles (Coc:3)
  5 withered plants (Crypt:3)
3510 creatures vanquished.

Vanquished Creatures (collateral kills)
  An Orb Guardian (Zot:5)
  2 very ugly things
  A great orb of eyes (Depths:5)
  A juggernaut simulacrum (Depths:2)
  A two-headed ogre (Depths:1)
  A titan zombie (Tomb:3)
  An ugly thing (Depths:1)
  A fire dragon simulacrum (Coc:7)
  A mummy (Tomb:3)
10 creatures vanquished.

Vanquished Creatures (others)
  A tentacled monstrosity (Zot:1)
  A lich (Tomb:2)
  An eldritch tentacle (Dis:7)
  An ancient champion (Tomb:2)
  A war gargoyle (Depths:4)
  2 bennus (Tomb:2)
  3 yaktaur captains
  A centaur warrior (Depths:1)
  2 hell hogs
  8 death scarabs
  A skeletal warrior (Tomb:2)
  A wolf spider (Spider:3)
  An ugly thing (Vaults:2)
  A moth of wrath (Zot:5)
  15 yaktaurs
  A jumping spider (Spider:3)
  A guardian mummy (Tomb:2)
  A meliai (Spider:1)
  A hornet (Spider:4)
  2 water elementals
  10 flying skulls
  A spiny frog zombie (Hell)
  3 centaurs (Depths:1)
  5 mummies (Tomb:2)
  A white imp (Coc:6)
  4 bushes (Lair:6)
  123 fire vortices
  8 fungi
  13 plants
  13 tentacles
227 creatures vanquished.

Grand Total: 3747 creatures vanquished

Notes
Turn   | Place    | Note
-------+----------+-------------------------------------------
     0 | D:1      | Zwobot the Octopode Fire Elementalist began the quest for the Orb.
     0 | D:1      | Reached XP level 1. HP: 11/11 MP: 3/3
   187 | D:1      | Reached XP level 2. HP: 17/17 MP: 3/5
   215 | D:1      | Learned a level 2 spell: Throw Flame
   988 | D:2      | Reached XP level 3. HP: 22/22 MP: 3/6
  1169 | D:1      | Learned a level 3 spell: Conjure Flame
  1748 | D:2      | Noticed Natasha
  1763 | D:2      | Reached skill level 1 in Fighting
  1949 | D:2      | Reached XP level 4. HP: 28/28 MP: 7/7
  2539 | D:3      | Found a basalt altar of Yredelemnul.
  2615 | D:3      | Reached skill level 4 in Fire Magic
  2615 | D:3      | Reached XP level 5. HP: 28/33 MP: 2/8
  3102 | D:4      | Found a bloodstained altar of Trog.
  3210 | D:4      | Noticed Zwobot's ghost (novice OpFE)
  3244 | D:4      | Noticed an ogre
  3251 | D:4      | Killed an ogre
  3251 | D:4      | Reached skill level 1 in Evocations
  3251 | D:4      | Reached XP level 6. HP: 38/38 MP: 8/10
  3427 | D:4      | Learned a level 4 spell: Sticky Flame
  3477 | D:4      | Found a burning altar of Makhleb.
  3478 | D:4      | Found a hazy altar of Hepliaklqana.
  3971 | D:5      | Entered Level 5 of the Dungeon
  3994 | D:5      | Reached XP level 7. HP: 43/43 MP: 5/11
  4075 | D:5      | Noticed Anon1729's ghost (novice DsFE)
  4359 | D:5      | Learned a level 2 spell: Blink
  4437 | D:5      | Reached skill level 1 in Translocations
  4794 | D:5      | Noticed Duvessa
  4794 | D:5      | Noticed Dowan
  4834 | D:6      | Reached skill level 5 in Conjurations
  5255 | D:5      | Reached skill level 5 in Spellcasting
  5255 | D:5      | Reached skill level 7 in Fire Magic
  5255 | D:5      | Reached XP level 8. HP: 48/48 MP: 11/16
  5347 | D:6      | Paralysed by a crimson imp for 7 turns
  5370 | D:6      | Reached XP level 9. HP: 47/53 MP: 17/17
  5387 | D:6      | Found Cetzif's Book Shoppe.
  5615 | D:6      | Found a white marble altar of Elyvilon.
  5676 | D:6      | Reached skill level 5 in Evocations
  5803 | D:6      | Found a staircase to the Ecumenical Temple.
  5818 | Temple   | Entered the Ecumenical Temple
  5916 | Temple   | Became a worshipper of Ashenzari the Shackled
  5992 | D:6      | Found a deep blue altar of Sif Muna.
  6058 | D:6      | Found an ancient bone altar of Kikubaaqudgha.
  6070 | D:6      | Found a radiant altar of Vehumet.
  6086 | D:6      | Identified Vehumet's Incunabulum of Attacks
  6945 | D:7      | Learned a level 3 spell: Mephitic Cloud
  7262 | D:7      | Reached skill level 1 in Air Magic
  7262 | D:7      | Reached skill level 1 in Poison Magic
  7415 | D:7      | Noticed 4thArraOfDagon's ghost (novice BaEE)
  7580 | D:8      | Found a staircase to the Lair.
  7765 | D:8      | Reached XP level 10. HP: 37/61 MP: 13/19
  8562 | D:8      | Noticed a two-headed ogre
  8576 | D:8      | Killed a two-headed ogre
  8973 | D:8      | Reached * piety under Ashenzari
  9339 | D:8      | Found a shadowy altar of Dithmenos.
  9360 | D:8      | Noticed Gastronok
  9551 | D:8      | Killed Gastronok
  9551 | D:8      | Reached XP level 11. HP: 57/65 MP: 7/22
  9582 | D:8      | Noticed Erica
  9597 | D:8      | Killed Erica
  9855 | D:8      | Noticed a three-headed hydra
 10076 | D:8      | Reached skill level 10 in Shields
 10095 | D:8      | Killed a three-headed hydra
 10393 | D:8      | Found an ancient bone altar of Kikubaaqudgha.
 10770 | D:8      | Found a runed door.
 10775 | D:8      | Found a blossoming altar of Fedhas.
 10784 | D:8      | Found a shimmering altar of Xom.
 10810 | D:8      | Found a snail-covered altar of Cheibriados.
 10822 | D:8      | Found a glowing golden altar of the Shining One.
 10852 | D:8      | Found a snail-covered altar of Cheibriados.
 10873 | D:8      | Noticed a flayed ghost
 10874 | D:8      | Identified the +8 war axe "Ogotistris" {pain, rElec Str+4 Int-4}
 10874 | D:8      | Identified the +6 great sword "Viplogim" {antimagic, *Noise rElec rN+ Str+2}
 10880 | D:8      | Killed a flayed ghost
 11032 | D:9      | Noticed a two-headed ogre
 11063 | D:8      | Noticed a two-headed ogre
 11077 | D:8      | Killed a two-headed ogre
 11077 | D:8      | Reached skill level 5 in Fighting
 11203 | Lair:1   | Entered Level 1 of the Lair of Beasts
 11255 | Lair:1   | Learned a level 5 spell: Fireball
 12398 | Lair:2   | Reached XP level 12. HP: 77/77 MP: 16/24
 12403 | Lair:2   | Noticed Fannar
 12507 | Lair:2   | Reached ** piety under Ashenzari
 12577 | Lair:2   | Found a dark tunnel.
 12582 | Volcano  | Entered a volcano
 12733 | Lair:2   | Noticed Harold
 12763 | Lair:2   | Killed Harold
 13000 | Lair:2   | Noticed Sonja
 13006 | Lair:2   | Killed Sonja
 13323 | Lair:2   | Killed Fannar
 13323 | Lair:2   | Reached skill level 5 in Stealth
 13589 | Lair:3   | Reached skill level 8 in Fire Magic
 13786 | Lair:3   | Found a staircase to the Swamp.
 13854 | Lair:3   | Reached skill level 1 in Polearms
 14046 | Lair:3   | Reached *** piety under Ashenzari
 14297 | Lair:3   | Found a hole to the Spider Nest.
 14988 | Lair:4   | Reached **** piety under Ashenzari
 15047 | Lair:4   | Reached skill level 5 in Dodging
 15998 | Lair:5   | Found a runed door.
 16024 | Lair:5   | Found a viscous altar of Jiyva.
 16038 | Lair:5   | Reached XP level 13. HP: 72/86 MP: 11/25
 16095 | Lair:5   | Found a staircase to the Slime Pits.
 16678 | Lair:5   | Reached skill level 9 in Fire Magic
 16790 | Lair:6   | Entered Level 6 of the Lair of Beasts
 16917 | Lair:6   | Noticed Nr616's ghost (journeyman MiBe)
 17901 | Lair:6   | Reached ***** piety under Ashenzari
 18371 | Lair:6   | Identified the ring "Ynucahas" {Wiz Int+2}
 18371 | Lair:6   | Identified the ring "Zabulura" {rF+ EV+3 Int+6}
 18846 | Lair:6   | Reached skill level 10 in Conjurations
 19177 | Lair:6   | Reached skill level 10 in Fire Magic
 19527 | D:9      | Noticed Grum
 19532 | D:9      | Killed Grum
 19532 | D:9      | Reached XP level 14. HP: 95/95 MP: 15/26
 20651 | D:10     | Entered Level 10 of the Dungeon
 21040 | D:10     | Found a staircase to the Orcish Mines.
 21786 | D:11     | Found the +8 mithril axe "Arga" {speed, MR+}
 22606 | D:12     | Noticed Nessos
 22619 | D:12     | Killed Nessos
 22619 | D:12     | Reached skill level 10 in Fighting
 22619 | D:12     | Reached skill level 11 in Fire Magic
 22770 | D:12     | Identified a scroll of acquirement
 22771 | D:12     | Identified the cursed ring of Manwoh {EV+5 Str+5} (You acquired it on level 12 of the Dungeon)
 22813 | D:12     | Found a portal to a secret trove of treasure.
 22887 | D:12     | Found an ornate altar of the Wu Jian Council.
 22978 | D:12     | Found a runed door.
 22978 | D:12     | Noticed a tengu reaver
 22978 | D:12     | Noticed a stone giant
 23428 | D:12     | Found a white marble altar of Elyvilon.
 23678 | D:13     | Found a stormy altar of Qazlal.
 23806 | D:13     | Noticed Rupert
 24206 | D:14     | Reached XP level 15. HP: 104/104 MP: 27/27
 24271 | D:14     | Reached ****** piety under Ashenzari
 24448 | D:14     | Noticed Josephine
 24454 | D:14     | Killed Josephine
 24957 | D:14     | Found a gate to the Vaults.
 25369 | D:15     | Entered Level 15 of the Dungeon
 25576 | D:15     | Found a blossoming altar of Fedhas.
 25603 | D:15     | Reached skill level 1 in Axes
 25613 | D:15     | Reached skill level 10 in Dodging
 26038 | D:15     | Found a staircase to the Depths.
 26235 | D:15     | Reached skill level 12 in Fire Magic
 26710 | D:15     | Found an opulent altar of Gozag.
 27349 | Orc:1    | Entered Level 1 of the Orcish Mines
 27438 | Orc:2    | Entered Level 2 of the Orcish Mines
 27591 | Orc:2    | Learned a level 5 spell: Venom Bolt
 27610 | Orc:2    | Noticed 4thArraOfDagon's ghost (journeyman BaEE)
 27624 | Orc:2    | Killed 4thArraOfDagon's ghost
 27783 | Orc:2    | Found a staircase to the Elven Halls.
 27970 | Orc:2    | Found Cidd's Weapon Shoppe.
 28020 | Orc:2    | Reached XP level 16. HP: 113/113 MP: 11/28
 28271 | Orc:2    | Found Kinexifo's Antique Weapon Emporium.
 28271 | Orc:2    | Found Ragonk's Gadget Boutique.
 28271 | Orc:2    | Found Kaositaf's Book Shop.
 28331 | Orc:2    | Found Taac's General Store.
 28341 | Orc:2    | Bought a book of Power for 540 gold pieces
 28346 | Orc:2    | Bought a scroll of identify for 34 gold pieces
 28346 | Orc:2    | Bought a scroll of identify for 34 gold pieces
 28346 | Orc:2    | Bought a potion of resistance for 170 gold pieces
 28695 | Elf:1    | Entered Level 1 of the Elven Halls
 28976 | Elf:1    | Learned a level 7 spell: Orb of Destruction
 29143 | Elf:1    | Identified the +11 trident of Mupu {pierce, *Noise rC+ Int+2} (You took it off a deep elf mage on level 1 of the Elven Halls)
 29533 | Spider:1 | Entered Level 1 of the Spider Nest
 30652 | Spider:2 | Found a frozen archway.
 30672 | IceCv    | Entered an ice cave
 30783 | IceCv    | Identified the ring of Virtue {*Drain +Inv rPois Str+4 SInv}
 31346 | IceCv    | Noticed an Ice Fiend
 31397 | IceCv    | Killed an Ice Fiend
 32528 | Spider:3 | Reached skill level 10 in Spellcasting
 32546 | Spider:2 | Reached XP level 17. HP: 116/119 MP: 14/31
 33688 | Spider:4 | Entered Level 4 of the Spider Nest
 35768 | Spider:4 | Got a gossamer rune of Zot
 35932 | Swamp:1  | Entered Level 1 of the Swamp
 36023 | Swamp:1  | Reached XP level 18. HP: 110/127 MP: 3/33
 36470 | Orc:2    | Bought a book of Ice for 780 gold pieces
 36477 | Orc:2    | Learned a level 6 spell: Freezing Cloud
 37112 | Swamp:2  | Reached skill level 1 in Ice Magic
 37231 | Swamp:2  | Identified the cursed ring of Lanet {Dex+4 Stlth+} (You acquired it on level 2 of the Swamp)
 37862 | Swamp:3  | Identified the +11 hand axe "Jaoshre" {flame, MR+ Str+4 Int+2}
 38434 | Swamp:4  | Entered Level 4 of the Swamp
 39398 | Swamp:4  | Got a decaying rune of Zot
 40051 | Elf:1    | Reached skill level 15 in Fighting
 40247 | Elf:1    | Found Huibrop's Gadget Shoppe.
 40270 | Elf:1    | Noticed Louise
 40285 | Elf:1    | Killed Louise
 40426 | Elf:1    | Reached XP level 19. HP: 139/139 MP: 34/36
 41253 | Elf:2    | Found a ruined gateway.
 41459 | Elf:2    | Found a large runed door.
 41459 | Elf:2    | Found a large runed door.
 41506 | Elf:2    | Found a large runed door.
 41506 | Elf:2    | Found a large runed door.
 41638 | Elf:3    | Entered Level 3 of the Elven Halls
 41653 | Elf:3    | Reached skill level 5 in Axes
 42533 | Elf:3    | Identified the +7 spear of Vuijoeso {holy, Int+2} (You took it off a deep elf sorcerer on level 3 of the Elven Halls)
 43564 | Elf:3    | Reached XP level 20. HP: 120/151 MP: 34/38
 43674 | Elf:3    | Identified the +8 long sword "Heluhirph" {slice, Dex+3} (You took it off a deep elf sorcerer on level 3 of the Elven Halls)
 43760 | Elf:3    | Identified the ring of Maruuz {Ice rPois MP+9 Str-4 SInv} (You took it off a deep elf demonologist on level 3 of the Elven Halls)
 43760 | Elf:3    | Identified the +5 glaive of Understanding {chop, rElec rF- Str+4 Dex+2} (You took it off a deep elf demonologist on level 3 of the Elven Halls)
 43827 | Elf:3    | Identified the amulet "Caus" {Fragile +Rage Str+8 Dex+4}
 43847 | Elf:3    | Identified the cursed +1 falchion of the Ancient Ghosts {speed, rF+ rC+ Str+2 Int+3}
 43847 | Elf:3    | Identified the cursed +1 rapier "Jataw" {flame, +Fly rN+ Int+3}
 43887 | Elf:3    | Identified the +9 mace "Ogreslayer" {vamp, *Noise Int+3 SInv}
 43903 | Elf:3    | Identified Epoed's Incunabulum of the Frostbite and the Escort
 43990 | Elf:3    | Learned a level 4 spell: Passage of Golubria
 44309 | Vaults:1 | Entered Level 1 of the Vaults
 46230 | Vaults:1 | Found Teiwni's Food Shoppe.
 46238 | Vaults:1 | Bought a ration for 60 gold pieces
 46238 | Vaults:1 | Bought a ration for 60 gold pieces
 46238 | Vaults:1 | Bought a ration for 60 gold pieces
 46238 | Vaults:1 | Bought a ration for 60 gold pieces
 46238 | Vaults:1 | Bought a ration for 60 gold pieces
 46238 | Vaults:1 | Bought a ration for 60 gold pieces
 46238 | Vaults:1 | Bought a ration for 60 gold pieces
 46238 | Vaults:1 | Bought a ration for 60 gold pieces
 46238 | Vaults:1 | Bought a ration for 60 gold pieces
 46238 | Vaults:1 | Bought a ration for 60 gold pieces
 46238 | Vaults:1 | Bought a ration for 60 gold pieces
 46473 | Vaults:1 | Noticed Aizul
 46478 | Vaults:1 | Killed Aizul
 46617 | Vaults:1 | Noticed a caustic shrike
 46621 | Vaults:1 | Noticed a golden dragon
 46621 | Vaults:1 | a caustic shrike changed into a golden dragon
 46631 | Vaults:1 | Noticed a caustic shrike
 46631 | Vaults:1 | a caustic shrike changed into a quicksilver dragon
 47172 | Vaults:1 | Learned a level 6 spell: Statue Form
 47173 | Vaults:1 | Identified the Guide on Bewitchment
 47295 | Vaults:1 | Identified the ring of Awe {Fire rElec Dex+4}
 47312 | Vaults:1 | Identified the cursed +3 fustibalus of Exquisite Death {velocity, +Fly rPois MR+ Int+6}
 47337 | Vaults:1 | Learned a level 1 spell: Apportation
 47465 | Vaults:2 | Reached skill level 1 in Transmutations
 47465 | Vaults:2 | Reached skill level 1 in Earth Magic
 47567 | Vaults:2 | Noticed Xtahua
 47597 | Vaults:2 | Killed Xtahua
 47932 | Vaults:2 | Reached XP level 21. HP: 159/159 MP: 39/39
 49150 | Vaults:3 | Reached skill level 5 in Transmutations
 49150 | Vaults:3 | Reached skill level 5 in Earth Magic
 49176 | Vaults:3 | Reached skill level 15 in Spellcasting
 49389 | Vaults:3 | Reached skill level 10 in Axes
 49670 | Vaults:3 | Found a staircase to the Crypt.
 50464 | Crypt:1  | Entered Level 1 of the Crypt
 51055 | Crypt:1  | Reached XP level 22. HP: 167/167 MP: 36/41
 51459 | Crypt:2  | Identified the +4 falchion "Betifonn" {elec, Str+4 Int+2}
 51488 | Crypt:2  | Found an ancient bone altar of Kikubaaqudgha.
 51624 | Crypt:3  | Entered Level 3 of the Crypt
 52106 | Crypt:3  | Found the +9 sword of Zonguldrok {reap}
 52106 | Crypt:3  | Identified the amulet of Ipripab {+Rage Str+4 Dex+4}
 52358 | Crypt:3  | Found the amulet of Vitality {Regen+ HP+15}
 52401 | Crypt:3  | Learned a level 6 spell: Deflect Missiles
 52563 | Crypt:3  | Reached skill level 1 in Charms
 52669 | Crypt:3  | Identified the ring of Xom's Wantonness {rN+ MR- MP-9 Dex+8 Slay+6}
 52672 | Crypt:3  | Identified the ring "Cuonnoxo" {rC+ rN+ MP+9 Str+3 Stlth-}
 52672 | Crypt:3  | Identified the ring "Biunis" {*Corrode +Inv rElec rN+ Dex+8}
 52925 | Crypt:3  | Found a staircase to the Tomb.
 52927 | Crypt:3  | Noticed an ancient lich
 52939 | Crypt:3  | Killed an ancient lich
 52975 | Crypt:3  | Noticed an ancient lich
 52992 | Crypt:3  | Killed an ancient lich
 52992 | Crypt:3  | Reached skill level 5 in Charms
 52992 | Crypt:3  | Reached skill level 5 in Air Magic
 53021 | Crypt:3  | Learned a level 5 spell: Aura of Abjuration
 53028 | Crypt:3  | Learned a level 5 spell: Silence
 53036 | Crypt:3  | Learned a level 6 spell: Bolt of Fire
 53050 | Tomb:1   | Entered Level 1 of the Tomb of the Ancients
 53154 | Tomb:1   | Reached skill level 1 in Summonings
 53190 | Tomb:1   | Reached XP level 23. HP: 174/174 MP: 4/43
 53731 | Tomb:1   | Noticed a greater mummy
 53735 | Tomb:1   | Noticed a greater mummy
 53743 | Tomb:1   | Killed a greater mummy
 53755 | Tomb:1   | Killed a greater mummy
 53818 | Tomb:1   | Identified the ring of Osun {+Fly rElec rC+ Str+5 Int-3}
 54318 | Tomb:1   | Noticed a greater mummy
 54332 | Tomb:1   | Killed a greater mummy
 54367 | Tomb:1   | Noticed a greater mummy
 54367 | Tomb:1   | Noticed a greater mummy
 54367 | Tomb:1   | Noticed a greater mummy
 54367 | Tomb:1   | Noticed a greater mummy
 54369 | Tomb:1   | Noticed a greater mummy
 54370 | Tomb:1   | Noticed a greater mummy
 54381 | Tomb:1   | Killed a greater mummy
 54384 | Tomb:1   | Killed a greater mummy
 54384 | Tomb:1   | Killed a greater mummy
 54392 | Tomb:1   | Killed a greater mummy
 54392 | Tomb:1   | Killed a greater mummy
 54397 | Tomb:1   | Killed a greater mummy
 54618 | Tomb:2   | Learned a level 9 spell: Fire Storm
 54624 | Tomb:3   | Entered Level 3 of the Tomb of the Ancients
 54639 | Tomb:3   | Reached XP level 24. HP: 183/183 MP: 44/44
 54655 | Tomb:3   | Noticed a greater mummy
 54671 | Tomb:3   | Found the +3 crown of Dyrovepreva {rElec Int+2 SInv}
 54694 | Tomb:3   | Killed a greater mummy
 54699 | Tomb:3   | Noticed Khufu
 55048 | Tomb:3   | Noticed a greater mummy
 55049 | Tomb:3   | Noticed a greater mummy
 55053 | Tomb:3   | Noticed a greater mummy
 55056 | Tomb:3   | Noticed Frederick
 55069 | Tomb:3   | Noticed a greater mummy
 55076 | Tomb:3   | Noticed a greater mummy
 55355 | Tomb:3   | Killed Frederick
 55363 | Tomb:3   | Killed Khufu
 55366 | Tomb:2   | Killed a greater mummy
 55562 | Tomb:3   | Reached skill level 13 in Fire Magic
 55564 | Tomb:3   | Killed a greater mummy
 55564 | Tomb:3   | Killed a greater mummy
 55565 | Tomb:3   | Killed a greater mummy
 55565 | Tomb:3   | Reached skill level 15 in Conjurations
 55571 | Tomb:3   | Killed a greater mummy
 55781 | Tomb:3   | Identified the cursed +2 arbalest of Temperance {freeze, MP+9 Str+7 Dex-2 Stlth-}
 55783 | Tomb:3   | Found the +8 lance "Wyrmbane" {slay drac, rPois rF+ rC+ AC+3}
 55783 | Tomb:3   | Identified the ring of Compulsion {Fire *Drain rElec Dex+4}
 55797 | Tomb:3   | Identified Plog's Foundations of Spellweaving
 55826 | Tomb:3   | Identified the Volume of Lethal Bewitchment
 55852 | Tomb:3   | Noticed a greater mummy
 55864 | Tomb:3   | Killed a greater mummy
 56009 | Tomb:3   | Noticed a greater mummy
 56018 | Tomb:3   | Killed a greater mummy
 56242 | Tomb:3   | Got a golden rune of Zot
 56951 | Vaults:4 | Reached skill level 14 in Fire Magic
 56951 | Vaults:4 | Reached XP level 25. HP: 189/189 MP: 46/46
 57001 | Vaults:4 | Found Cawy's Magic Scroll Shoppe.
 57004 | Vaults:4 | Bought a scroll of magic mapping for 56 gold pieces
 57004 | Vaults:4 | Bought a scroll of remove curse for 48 gold pieces
 57004 | Vaults:4 | Bought a scroll of summoning for 152 gold pieces
 57004 | Vaults:4 | Bought a scroll of fog for 32 gold pieces
 58064 | Vaults:5 | Entered Level 5 of the Vaults
 58112 | Vaults:5 | Reached skill level 15 in Fire Magic
 58134 | Vaults:5 | Identified the +7 war axe of Strategic Superiority {flame, rF+ rC+ Str-4 Int+3}
 58134 | Vaults:5 | Found the +4 moon troll leather armour {Spirit, Regen++ MP+5}
 58408 | Vaults:5 | Reached skill level 16 in Fire Magic
 58516 | Vaults:5 | Identified Kure Ket's Collected Works on Fetching Ignition
 58535 | Vaults:5 | Identified the amulet "Hekkuaji" {Faith *Drain Dex+6} (You took it off an ironheart preserver on level 5 of the Vaults)
 58570 | Vaults:5 | Identified the +7 scimitar of Fexoemus {drain, rN++ Str+4 Dex-2}
 58620 | Vaults:5 | Reached skill level 17 in Fire Magic
 58621 | Vaults:5 | Identified Nocoafoth's Tome of the Blaze and Intoxication
 58685 | Vaults:5 | Reached XP level 26. HP: 196/196 MP: 46/46
 58958 | Vaults:5 | Noticed an ancient lich
 58965 | Vaults:5 | Killed an ancient lich
 58997 | Vaults:5 | Noticed an ancient lich
 59014 | Vaults:5 | Killed an ancient lich
 59015 | Vaults:5 | Reached skill level 18 in Fire Magic
 59360 | Vaults:5 | Got a silver rune of Zot
 59542 | Vaults:5 | Identified the +2 flail of Dithmenos's Approval {elec, rN+ Str+4} (You took it off a yaktaur on level 5 of the Vaults)
 59955 | Depths:1 | Entered Level 1 of the Depths
 59975 | Depths:1 | Identified the +9 flail of Xotzuo {crush, rPois rC- Int+4 Dex+3} (You took it off a tengu warrior on level 1 of the Depths)
 60041 | Depths:1 | Reached skill level 19 in Fire Magic
 60224 | Depths:1 | Found a one-way gate to the infinite horrors of the Abyss.
 60275 | Depths:1 | Found a gateway to Hell.
 60363 | Depths:1 | Learned a level 3 spell: Regeneration
 60422 | Depths:1 | Found Fidd's Magic Scroll Boutique.
 60440 | Depths:1 | Found a gateway to a ziggurat.
 60581 | Hell     | Entered the Vestibule of Hell
 60581 | Hell     | Noticed Geryon
 60584 | Hell     | Noticed Murray
 60748 | Hell     | Killed Geryon
 60757 | Hell     | Reached XP level 27. HP: 133/201 MP: 4/46
 60879 | Hell     | Reached skill level 20 in Fire Magic
 61129 | Hell     | Found a gateway to the ashen valley of Gehenna.
 61185 | Hell     | Killed Murray
 61242 | Hell     | Found a gateway to the decaying netherworld of Tartarus.
 61398 | Hell     | Found a gateway to the freezing wastes of Cocytus.
 61488 | Hell     | Found a gateway to the Iron City of Dis.
 61493 | Dis:1    | Entered Level 1 of the Iron City of Dis
 61493 | Dis:1    | Found a gateway to Hell.
 61754 | Dis:2    | Found a gateway to Hell.
 61855 | Dis:2    | Reached skill level 21 in Fire Magic
 61994 | Dis:3    | Found a gateway to Hell.
 62000 | Dis:4    | Found a gateway to Hell.
 62072 | Dis:4    | Found a gateway to Hell.
 62166 | Dis:5    | Found a gateway to Hell.
 62252 | Dis:6    | Found a gateway to Hell.
 62255 | Dis:6    | Found a gateway to Hell.
 62278 | Dis:7    | Entered Level 7 of the Iron City of Dis
 62278 | Dis:7    | Found a gateway to Hell.
 62446 | Dis:7    | Reached skill level 10 in Evocations
 62447 | Dis:7    | Gained mutation: You expend magic power (3 MP) to strengthen your wands. [a cacodemon]
 62464 | Dis:7    | Gained mutation: You are weak. (Str -2) [a cacodemon]
 62478 | Dis:7    | Gained mutation: Your magical capacity is low. (-10% MP) [a cacodemon]
 62478 | Dis:7    | Gained mutation: You are dopey. (Int -2) [a cacodemon]
 62587 | Dis:7    | Noticed the Serpent of Hell
 62623 | Dis:7    | Killed the Serpent of Hell
 62651 | Dis:7    | Reached skill level 5 in Translocations
 62904 | Dis:7    | Identified the ring of Loefuebu {rElec rPois rF++ rN+ MP+9} (You took it off an efreet on level 7 of the Iron City of Dis)
 62931 | Dis:7    | Noticed Dispater
 62935 | Dis:7    | Got an iron rune of Zot
 63070 | Dis:7    | Found a gateway to Hell.
 63319 | Tar:1    | Entered Level 1 of Tartarus
 63319 | Tar:1    | Found a gateway to Hell.
 63338 | Tar:1    | You fall through a shaft!
 63359 | Tar:3    | Found a gateway to Hell.
 63412 | Tar:4    | Found a gateway to Hell.
 63461 | Tar:5    | Found a gateway to Hell.
 63607 | Tar:7    | Entered Level 7 of Tartarus
 63607 | Tar:7    | Found a gateway to Hell.
 64089 | Tar:7    | Learned a level 8 spell: Controlled Blink
 64115 | Tar:7    | Reached skill level 10 in Translocations
 64210 | Tar:7    | Noticed Ereshkigal
 64237 | Tar:7    | Killed Ereshkigal
 64242 | Tar:7    | Identified the +2 dagger of the Distant Future {holy, *Slow rF+ rC+ rN+++ Int+4}
 64252 | Tar:7    | Identified the Almanac of Boosts and Dislocation
 64257 | Tar:7    | Got a bone rune of Zot
 64535 | Geh:1    | Entered Level 1 of Gehenna
 64535 | Geh:1    | Found a gateway to Hell.
 64603 | Geh:1    | Reached skill level 1 in Necromancy
 64625 | Geh:2    | Found a gateway to Hell.
 64625 | Geh:2    | Found a gateway to Hell.
 64629 | Geh:2    | Found a gateway to Hell.
 64662 | Geh:3    | Found a gateway to Hell.
 64746 | Geh:4    | Found a gateway to Hell.
 64775 | Geh:4    | You fall through a shaft for 2 floors!
 64781 | Geh:6    | Found a gateway to Hell.
 64786 | Geh:7    | Entered Level 7 of Gehenna
 64786 | Geh:7    | Found a gateway to Hell.
 65035 | Geh:7    | Identified the amulet "Pyaluqao" {Harm *Drain Int+4 Dex+5}
 65201 | Geh:7    | Lost mutation: You are dopey. (Int -2) [potion of mutation]
 65201 | Geh:7    | Lost mutation: You expend magic power (3 MP) to strengthen your wands. [potion of mutation]
 65201 | Geh:7    | Lost mutation: You are weak. (Str -2) [potion of mutation]
 65201 | Geh:7    | Gained mutation: Your body sometimes deteriorates upon taking damage. [potion of mutation]
 65201 | Geh:7    | Gained mutation: Your spells are a little harder to cast, but a little more powerful. [potion of mutation]
 65379 | Geh:7    | Noticed Asmodeus
 65397 | Geh:7    | Killed Asmodeus
 65420 | Geh:7    | Reached skill level 5 in Necromancy
 65440 | Geh:7    | Identified the ring of the Heavens {Int+4 SInv}
 65441 | Geh:7    | Identified the +7 arbalest "Jenkofoa" {speed, *Corrode rElec Int+7}
 65464 | Geh:7    | Got an obsidian rune of Zot
 65831 | Coc:1    | Entered Level 1 of Cocytus
 65831 | Coc:1    | Found a gateway to Hell.
 65965 | Coc:2    | Found a gateway to Hell.
 66002 | Coc:3    | Found a gateway to Hell.
 66176 | Coc:3    | Found a gateway to Hell.
 66276 | Coc:4    | Found a gateway to Hell.
 66292 | Coc:5    | Found a gateway to Hell.
 66303 | Coc:6    | Found a gateway to Hell.
 66332 | Coc:6    | Found a gateway to Hell.
 66355 | Coc:6    | Found a gateway to Hell.
 66374 | Coc:7    | Entered Level 7 of Cocytus
 66374 | Coc:7    | Found a gateway to Hell.
 66374 | Coc:7    | Found a gateway to Hell.
 66374 | Coc:7    | Found a gateway to Hell.
 66718 | Coc:7    | Found the amulet of the Four Winds {rN+ MR+++ Clar}
 66718 | Coc:7    | Identified the +5 mace of Vanity {freeze, rPois rC+ Int-3 Dex+4}
 66719 | Coc:7    | Identified the +1 shortbow of Atiykowe {freeze, *Drain Str+8 SInv}
 66976 | Coc:7    | Noticed Antaeus
 67003 | Coc:7    | Killed Antaeus
 67057 | Coc:7    | Got an icy rune of Zot
 67533 | Depths:2 | Noticed the Enchantress
 67540 | Depths:2 | Killed the Enchantress
 67569 | Depths:2 | Identified the +7 faerie dragon scales {rElec rF- MR++ rCorr Dex+2} (You took it off the Enchantress on level 2 of the Depths)
 68401 | Depths:3 | Found a one-way gate leading to the halls of Pandemonium.
 68793 | Depths:3 | Reached skill level 10 in Stealth
 69437 | Depths:3 | Found a runed door.
 69474 | Depths:3 | Reached skill level 15 in Stealth
 70838 | Depths:5 | Entered Level 5 of the Depths
 70993 | Depths:5 | Learned a level 8 spell: Disjunction
 71239 | Depths:5 | Noticed a juggernaut
 71252 | Depths:5 | Killed a juggernaut
 71813 | Depths:5 | Found a gate to the Realm of Zot.
 72208 | Zot:1    | Entered Level 1 of the Realm of Zot
 72598 | Zot:1    | Reached skill level 22 in Fire Magic
 74480 | Zot:4    | Reached skill level 23 in Fire Magic
 75032 | Zot:5    | Entered Level 5 of the Realm of Zot
 75379 | Zot:5    | Noticed an ancient lich
 75391 | Zot:5    | Killed an ancient lich
 75409 | Zot:5    | Noticed an ancient lich
 75415 | Zot:5    | Killed an ancient lich
 75440 | Zot:5    | Noticed an ancient lich
 75442 | Zot:5    | Killed an ancient lich
 75442 | Zot:5    | Reached skill level 24 in Fire Magic
 75529 | Zot:5    | Noticed an orb of fire
 75535 | Zot:5    | Gained mutation: You are frail. (-10% HP) [an orb of fire]
 75536 | Zot:5    | Gained mutation: You are dopey. (Int -2) [an orb of fire]
 75538 | Zot:5    | Killed an orb of fire
 75585 | Zot:5    | Noticed an ancient lich
 75590 | Zot:5    | Killed an ancient lich
 75605 | Zot:5    | Noticed an ancient lich
 75609 | Zot:5    | Killed an ancient lich
 75764 | Zot:5    | Noticed an ancient lich
 75778 | Zot:5    | Noticed an ancient lich
 75786 | Zot:5    | Killed an ancient lich
 75791 | Zot:5    | Noticed an orb of fire
 75791 | Zot:5    | Killed an ancient lich
 75795 | Zot:5    | Noticed an orb of fire
 75798 | Zot:5    | Gained mutation: You are very dopey. (Int -4) [an orb of fire]
 75800 | Zot:5    | Gained mutation: Your body often deteriorates upon taking damage. [an orb of fire]
 75802 | Zot:5    | Noticed an ancient lich
 75808 | Zot:5    | Killed an ancient lich
 75822 | Zot:5    | Reached skill level 25 in Fire Magic
 75823 | Zot:5    | Noticed an orb of fire
 75839 | Zot:5    | Noticed an orb of fire
 75839 | Zot:5    | Noticed an ancient lich
 75844 | Zot:5    | Gained mutation: One of your tentacles bears a spike. [an orb of fire]
 75848 | Zot:5    | Gained mutation: Your magical capacity is very low. (-20% MP) [an orb of fire]
 75850 | Zot:5    | Killed an orb of fire
 75854 | Zot:5    | Killed an ancient lich
 75883 | Zot:5    | Gained mutation: You are very frail. (-20% HP) [an orb of fire]
 75884 | Zot:5    | Killed an orb of fire
 75886 | Zot:5    | Gained mutation: You do not regenerate when monsters are visible. [an orb of fire]
 75893 | Zot:5    | Killed an orb of fire
 75956 | Zot:5    | Lost mutation: Your spells are a little harder to cast, but a little more powerful. [an orb of fire]
 75957 | Zot:5    | Killed an orb of fire
 76218 | Zot:5    | Lost mutation: Your body often deteriorates upon taking damage. [potion of mutation]
 76218 | Zot:5    | Lost mutation: You are very frail. (-20% HP) [potion of mutation]
 76218 | Zot:5    | Lost mutation: You are frail. (-10% HP) [potion of mutation]
 76218 | Zot:5    | Gained mutation: You are resistant to hostile enchantments. (MR+) [potion of mutation]
 76218 | Zot:5    | Gained mutation: Your flesh is heat resistant. (rF+) [potion of mutation]
 76315 | Zot:5    | Got the Orb of Zot
 76320 | Zot:5    | Noticed Xekkareq the pandemonium lord
 76357 | Zot:5    | Gained mutation: Scrolls take you a little longer to read. [the power of Zot]
 76371 | Zot:5    | Noticed Fogusch the pandemonium lord
 76379 | Zot:5    | Gained mutation: Your system is resistant to poisons. (rPois) [mutagenic glow]
 76402 | Zot:4    | Lost mutation: One of your tentacles bears a spike. [potion of mutation]
 76402 | Zot:4    | Lost mutation: Your system is resistant to poisons. (rPois) [potion of mutation]
 76402 | Zot:4    | Lost mutation: Your magical capacity is very low. (-20% MP) [potion of mutation]
 76402 | Zot:4    | Gained mutation: You have a beak for a mouth. [potion of mutation]
 76403 | Zot:4    | Lost mutation: Your magical capacity is low. (-10% MP) [potion of mutation]
 76403 | Zot:4    | Lost mutation: You are very dopey. (Int -4) [potion of mutation]
 76403 | Zot:4    | Lost mutation: Your flesh is heat resistant. (rF+) [potion of mutation]
 76403 | Zot:4    | Gained mutation: You expend magic power (3 MP) to strengthen your wands. [potion of mutation]
 76403 | Zot:4    | Gained mutation: Your magical capacity is low. (-10% MP) [potion of mutation]
 76403 | Zot:4    | Gained mutation: Your spells are a little harder to cast, but a little more powerful. [potion of mutation]
 76404 | Zot:4    | Lost mutation: Your magical capacity is low. (-10% MP) [potion of mutation]
 76404 | Zot:4    | Lost mutation: You are dopey. (Int -2) [potion of mutation]
 76404 | Zot:4    | Gained mutation: You are covered in fur. (AC +1) [potion of mutation]
 76404 | Zot:4    | Gained mutation: Your muscles are strong. (Str +2) [potion of mutation]
 76988 | D:7      | Killed 4thArraOfDagon's ghost
 77152 | D:$      | Escaped with the Orb!

Vault maps used:
D:1:      minmay_arrival_stone_box, minmay_rat_gold_closets
D:2:      minmay_misc_feat_roman, uniq_crazy_yiuf_cottage, uniq_natasha
D:3:      nicolae_overflow_crystal_walls, minmay_box_of_dots
D:4:      nicolae_overflow_hidden_temple, gammafunk_temple_overflow_statue
D:5:      first_ration, uniq_duvessa
D:6:      palyth_temple_overflow_mages, elyvilon_altar_5, temple_fountains,
          serial_shops, nicolae_shop_stone
D:8:      due_megacathedral, grunt_dithmenos_smoke, david_lair_generic,
          hangedman_ranch, minivault_19, uniq_gastronok, uniq_erica
D:9:      minmay_sliced_demisemicircle, uniq_grum
D:10:     kennysheep_orc_monster_closet_entryway
D:11:     kennysheep_kite_vault
D:12:     enter_trove_2, hangedman_feature_mirror, kennysheep_treasure_room,
          uniq_nessos
D:13:     basic_altar, uniq_rupert
D:14:     grunt_vaults_entry_fortified, serial_park_avenue1, uniq_josephine
D:15:     grunt_enter_depths_snipers, fedhas_altar_2, basic_altar
Temple:   dshaligram_water_room_temple
Lair:1:   lemuel_fruit_fields, grunt_megastairs_5
Lair:2:   nicolae_volcano_entry_s_turn, uniq_fannar, uniq_harold, uniq_sonja
Lair:3:   swamp_mist, nicolae_spider_entry_orb_guardian
Lair:5:   slime_altar_2, minmay_holes
Lair:6:   grunt_lair_end_beastmaster, minmay_hedge_maze
Swamp:1:  evilmike_swamp_ruin_house_6
Swamp:2:  hangedman_swamp_pad, infiniplex_staircase_pool
Swamp:3:  serial_swamp_ruin, hangedman_swamp_ruin_wall,
          evilmike_swamp_ruin_rubble_1, evilmike_swamp_ruin_house_3
Swamp:4:  swamp_basic_johnstein
Spider:1: special_room
Spider:2: nicolae_spider_hall_of_the_moth_king,
          portal_ice_cave_entry_pillars_four
Spider:4: guppyfry_spider_rune
Orc:1:    serial_shops, nicolae_shop_statue_plus
Orc:2:    st_orc_rangers, serial_shops, shop
Elf:1:    serial_shops, shop, minivault_28, uniq_louise
Elf:2:    portal_desolation_entry_twin_temple
Elf:3:    minmay_elf_hall_circle
Vaults:1: vaults_room_pool, vaults_dpeg_encased_lava, hangedman_vaults_corner,
          dpeg_vaults_monster_box, hangedman_vaults_stitches, v_alt_pattern_5,
          hangedman_vaults_impose, hangedman_vaults_variations,
          nicolae_vaults_little_squares_3, nicolae_vaults_little_squares_6,
          nicolae_vaults_little_squares_1, nicolae_vaults_gold_heap,
          vaults_room_fancy_cross, st_greater_box_5, serial_shops,
          nicolae_shop_statue_plus, uniq_aizul
Vaults:2: nicolae_vaults_yaktaur_gun_rack, vaults_room_fours,
          vaults_room_ringed_pool, grunt_vaults_hallway_short,
          nicolae_vaults_asterisk, hangedman_vaults_pinch,
          ontoclasm_vaults_ring_large, ontoclasm_vaults_misaligned,
          grunt_vaults_diagonal, dpeg_vaults_monster_row,
          nicolae_vaults_twisting_passages, uniq_xtahua
Vaults:3: v_rooms_4, v_misc_13, hangedman_vaults_snaps, vaults_room_fancy_cross,
          nicolae_vaults_octagons, minmay_crypt_entry_simple_round,
          nicolae_vaults_network_quinsquares, vaults_room_pools,
          grunt_vaults_focal, v_misc_23, nicolae_vaults_little_ls,
          nicolae_vaults_asterisk, hangedman_vaults_cutoff, vaults_room_corners
Vaults:4: ontoclasm_vaults_ring_square, ontoclasm_vaults_chip,
          vaults_room_boxed, nicolae_vaults_theta, serial_ice_m,
          hangedman_vaults_stretched_pinwheel, nicolae_vaults_network_s,
          serial_shops, nicolae_shop_behind_doors
Crypt:1:  grunt_crypt_arrival_guarded_gate, grunt_megastairs_3
Crypt:2:  basic_altar
Crypt:3:  quadcrypt_mu
Tomb:3:   uniq_khufu, uniq_frederick
Depths:1: enter_ziggurat_f, abyss_entry, hangedman_tar_grid_catacomb,
          hangedman_decor_opposing, serial_shops, kennysheep_little_box,
          library_closet, due_unseen_surprise
Depths:2: hangedman_crystal_crosses_colossus, hell_entry, serial_shops,
          uniq_enchantress
Depths:3: grunt_house_of_mirrors, pan_entry, hell_entry,
          nicolae_twisting_strands, lightli_gold_pyramid,
          infiniplex_staircase_spiral
Depths:4: nooodl_heptagram, hell_entry, minmay_misc_feat_chi,
          abyss_entry_small_statue_room, hangedman_decor_riveting,
          serial_bayou_shore_a
Depths:5: grunt_zot_entry_hairpin, grunt_hell_entry_dis_old,
          minmay_misc_feat_cross
Dis:1:    hangedman_dis_monolith, hangedman_dis_chains
Dis:2:    grunt_megastairs_4
Dis:6:    nicolae_dis_strange_trophy_room
Dis:7:    dis_st
Geh:7:    geh_mu
Coc:5:    door_vault
Coc:7:    coc_mu
Tar:1:    lemuel_nasty_pond
Tar:3:    grunt_megastairs_2
Tar:5:    nicolae_tar_cuneiform_city
Tar:7:    tar_minmay_river
Zot:1:    zot_minivault_1
Zot:2:    st_stairs_4
Zot:5:    nicolae_zot_crop_circle
IceCv:    ice_cave_caverns_03
Volcano:  volcano_pools

Skill      XL: |  1  2  3  4  5  6  7  8  9 10 11 12 13 14 15 16 17 18 19 20 21 22 23 24 25 26 27 |
---------------+----------------------------------------------------------------------------------+-----
Conjurations   | 2 3 4 7 9 10 11 12 13 14 15 16 18 24 | 24.7
Fighting       | 1 2 5 7 8 10 11 12 15 17 18 19 20 22 | 22.5
Fire Magic     | 4 7 8 10 11 12 14 17 19 25 | 25.5
Evocations     | 1 3 4 5 12 | 12.7
Spellcasting   | 3 5 6 7 8 10 11 13 14 15 16 17 19 23 | 23.0
Translocations | 1 2 14 | 14.9
Shields        | 7 8 9 10 12 | 12.3
Air Magic      | 2 3 5 7 |  7.8
Poison Magic   | 2 3 |  3.9
Stealth        | 3 5 23 | 23.9
Dodging        | 3 5 7 9 10 11 | 11.6
Polearms       | 2 4 |  4.3
Axes           | 3 4 6 9 11 12 13 | 13.8
Ice Magic      | 2 |  2.0
Transmutations | 2 5 |  5.1
Earth Magic    | 2 5 |  5.1
Charms         | 5 |  5.6
Summonings     | 4 |  4.1
Necromancy     | 5 |  5.8

Action                   |  1- 3 |  4- 6 |  7- 9 | 10-12 | 13-15 | 16-18 | 19-21 | 22-24 | 25-27 || total
-------------------------+-------+-------+-------+-------+-------+-------+-------+-------+-------++-------
Melee: Dagger            |    20 |    80 |     3 |       |       |       |       |       |       ||   103
       Constrict         |     7 |    21 |    14 |    17 |    53 |    73 |   107 |   133 |   529 ||   954
       Tentacles         |     2 |    10 |     9 |    26 |    72 |   110 |   184 |   231 |  1280 ||  1924
       Trident           |       |       |   143 |   225 |   387 |       |       |       |       ||   755
       Broad axe         |       |       |       |       |   133 |   437 |   696 |   803 |  4604 ||  6673
       Kick              |       |       |       |       |       |       |       |       |    21 ||    21
       Peck              |       |       |       |       |       |       |       |       |    12 ||    12
Throw: Stone             |       |       |       |     2 |     1 |     4 |       |       |       ||     7
       Throwing net      |       |       |       |       |       |       |       |       |     6 ||     6
 Cast: Flame Tongue      |    44 |    49 |    87 |   200 |   139 |       |       |       |       ||   519
       Throw Flame       |     3 |     4 |    12 |   123 |   210 |    48 |       |       |       ||   400
       Conjure Flame     |       |     1 |    20 |    50 |    44 |     4 |     2 |       |       ||   121
       Sticky Flame      |       |     1 |     7 |    47 |    78 |    38 |     9 |       |       ||   180
       Blink             |       |       |     1 |     5 |    10 |    30 |     7 |       |    14 ||    67
       Mephitic Cloud    |       |       |       |     8 |    14 |     1 |       |       |       ||    23
       Fireball          |       |       |       |     2 |   172 |   152 |    56 |       |       ||   382
       Orb of Destructio |       |       |       |       |       |   127 |    89 |    14 |    49 ||   279
       Venom Bolt        |       |       |       |       |       |   101 |    76 |       |       ||   177
       Freezing Cloud    |       |       |       |       |       |     1 |    29 |       |       ||    30
       Statue Form       |       |       |       |       |       |       |    24 |    50 |   206 ||   280
       Deflect Missiles  |       |       |       |       |       |       |       |     1 |    19 ||    20
       Aura of Abjuratio |       |       |       |       |       |       |       |    16 |     6 ||    22
       Silence           |       |       |       |       |       |       |       |     5 |       ||     5
       Fire Storm        |       |       |       |       |       |       |       |     6 |    84 ||    90
       Bolt of Fire      |       |       |       |       |       |       |       |       |    24 ||    24
       Regeneration      |       |       |       |       |       |       |       |       |   154 ||   154
       Controlled Blink  |       |       |       |       |       |       |       |       |     5 ||     5
       Disjunction       |       |       |       |       |       |       |       |       |     4 ||     4
       Apportation       |       |       |       |       |       |       |       |       |     1 ||     1
Invok: Curse Item        |       |       |     2 |     1 |     1 |     4 |       |     3 |       ||    11
       Scrying           |       |       |       |       |     1 |     1 |       |       |     1 ||     3
Evoke: Wand              |       |     7 |     3 |     7 |    15 |    13 |     1 |     1 |    21 ||    68
       Lightning rod     |       |       |       |       |     7 |     5 |     4 |       |       ||    16
       Lamp of fire      |       |       |       |       |     1 |     1 |       |       |     2 ||     4
       Sack of spiders   |       |       |       |       |       |     6 |       |       |     2 ||     8
       Crystal ball of e |       |       |       |       |       |       |       |       |    11 ||    11
  Use: Scroll            |       |     7 |     3 |    15 |    10 |    11 |     1 |    12 |    28 ||    87
       Potion            |       |       |     2 |     6 |     1 |     7 |     4 |    14 |    20 ||    54
 Stab: Sleeping          |     4 |     7 |     3 |     2 |    10 |     5 |     9 |    12 |    36 ||    88
       Paralysed         |       |     7 |     3 |    13 |     6 |       |       |       |       ||    29
       Distracted        |       |       |     1 |       |       |     1 |     2 |     1 |    12 ||    17
       Confused          |       |       |       |       |     6 |       |       |       |     1 ||     7
       Invisible         |       |       |       |       |       |       |     2 |       |       ||     2
       Held in net/web   |       |       |       |       |       |       |       |       |     7 ||     7
  Eat: Chunk             |     1 |     6 |     8 |    17 |    46 |    50 |    37 |     3 |    28 ||   196
       Ration            |     1 |       |     2 |     4 |     6 |    14 |     7 |     8 |    28 ||    70
Armor: Skin              |     2 |     9 |     2 |     8 |     4 |    10 |    46 |    98 |   884 ||  1063
Dodge: Dodged            |    16 |    64 |    42 |    78 |   238 |   439 |   316 |   667 |  3740 ||  5600
       Deflected         |       |       |       |       |       |       |       |     3 |   174 ||   177
Block: Shield            |       |       |    39 |   105 |   382 |   552 |   492 |   778 |  4586 ||  6934
       Reflection        |       |       |       |       |       |       |    33 |     6 |   139 ||   178

Table legend:
 A = Spawn XP
 B = Non-spawn XP
 C = Spawn XP percentage of total XP
 D = Spawn monster count
 E = Non-spawn monster count
 F = Spawn count percentage of total count
 G = Total turns spent on level
                    A         B        C        D         E        F      G
               +---------+---------+-------+---------+---------+-------+---------
         Total |       0 | 2805099 |   0.0 |       0 |    3527 |   0.0 | 77152
               +---------+---------+-------+---------+---------+-------+---------
           D:1 |       0 |      52 |   0.0 |       0 |      27 |   0.0 |  1604
           D:2 |       0 |      58 |   0.0 |       0 |      16 |   0.0 |   710
           D:3 |       0 |      82 |   0.0 |       0 |      27 |   0.0 |   836
           D:4 |       0 |     414 |   0.0 |       0 |      16 |   0.0 |  1039
           D:5 |       0 |     433 |   0.0 |       0 |      13 |   0.0 |  1200
           D:6 |       0 |    1213 |   0.0 |       0 |      23 |   0.0 |  1144
           D:7 |       0 |    1340 |   0.0 |       0 |      29 |   0.0 |  1535
           D:8 |       0 |   11804 |   0.0 |       0 |      68 |   0.0 |  3278
           D:9 |       0 |    9539 |   0.0 |       0 |      41 |   0.0 |  1221
          D:10 |       0 |    5111 |   0.0 |       0 |      45 |   0.0 |  1330
          D:11 |       0 |    7479 |   0.0 |       0 |      42 |   0.0 |  1079
          D:12 |       0 |    7087 |   0.0 |       0 |      48 |   0.0 |   960
          D:13 |       0 |    2928 |   0.0 |       0 |      19 |   0.0 |   702
          D:14 |       0 |   15591 |   0.0 |       0 |      48 |   0.0 |  1385
          D:15 |       0 |   22087 |   0.0 |       0 |      52 |   0.0 |  1917
        Lair:1 |       0 |    2231 |   0.0 |       0 |      12 |   0.0 |  1385
        Lair:2 |       0 |    3984 |   0.0 |       0 |      10 |   0.0 |  1081
        Lair:3 |       0 |    5673 |   0.0 |       0 |      25 |   0.0 |  1525
        Lair:4 |       0 |    3042 |   0.0 |       0 |      14 |   0.0 |  1099
        Lair:5 |       0 |    4302 |   0.0 |       0 |      20 |   0.0 |  1349
        Lair:6 |       0 |   19010 |   0.0 |       0 |      58 |   0.0 |  2191
       Swamp:1 |       0 |   13797 |   0.0 |       0 |      38 |   0.0 |   828
       Swamp:2 |       0 |    8052 |   0.0 |       0 |      21 |   0.0 |   668
       Swamp:3 |       0 |    4811 |   0.0 |       0 |      14 |   0.0 |   742
       Swamp:4 |       0 |   39050 |   0.0 |       0 |      58 |   0.0 |  1230
      Spider:1 |       0 |    9519 |   0.0 |       0 |      46 |   0.0 |  1113
      Spider:2 |       0 |   22976 |   0.0 |       0 |      55 |   0.0 |  1622
      Spider:3 |       0 |   18130 |   0.0 |       0 |      40 |   0.0 |   799
      Spider:4 |       0 |   33462 |   0.0 |       0 |      66 |   0.0 |  1926
         Orc:1 |       0 |     211 |   0.0 |       0 |       3 |   0.0 |   129
         Orc:2 |       0 |    8957 |   0.0 |       0 |      70 |   0.0 |  1683
         Elf:1 |       0 |   30209 |   0.0 |       0 |      45 |   0.0 |  1357
         Elf:2 |       0 |   23199 |   0.0 |       0 |      34 |   0.0 |  1031
         Elf:3 |       0 |   59184 |   0.0 |       0 |      56 |   0.0 |  2163
      Vaults:1 |       0 |   74878 |   0.0 |       0 |     103 |   0.0 |  3033
      Vaults:2 |       0 |   30569 |   0.0 |       0 |      43 |   0.0 |  1736
      Vaults:3 |       0 |   65586 |   0.0 |       0 |      98 |   0.0 |  1473
      Vaults:4 |       0 |   41492 |   0.0 |       0 |      53 |   0.0 |  1277
      Vaults:5 |       0 |  196525 |   0.0 |       0 |     155 |   0.0 |  1690
       Crypt:1 |       0 |   19865 |   0.0 |       0 |      35 |   0.0 |   678
       Crypt:2 |       0 |   28142 |   0.0 |       0 |      38 |   0.0 |   540
       Crypt:3 |       0 |   70768 |   0.0 |       0 |      81 |   0.0 |  1593
        Tomb:1 |       0 |  117342 |   0.0 |       0 |      82 |   0.0 |  1559
        Tomb:2 |       0 |   22436 |   0.0 |       0 |      30 |   0.0 |  1146
        Tomb:3 |       0 |  118425 |   0.0 |       0 |     112 |   0.0 |   749
      Depths:1 |       0 |   47684 |   0.0 |       0 |      71 |   0.0 |   818
      Depths:2 |       0 |   79659 |   0.0 |       0 |      64 |   0.0 |  1175
      Depths:3 |       0 |   85731 |   0.0 |       0 |      64 |   0.0 |  1379
      Depths:4 |       0 |   96493 |   0.0 |       0 |     118 |   0.0 |  1267
      Depths:5 |       0 |   64075 |   0.0 |       0 |      57 |   0.0 |  1451
          Hell |       0 |   85346 |   0.0 |       0 |     122 |   0.0 |  1273
         Dis:1 |       0 |    8877 |   0.0 |       0 |      19 |   0.0 |    84
         Dis:2 |       0 |   30155 |   0.0 |       0 |      56 |   0.0 |   240
         Dis:4 |       0 |   13770 |   0.0 |       0 |      18 |   0.0 |   166
         Dis:5 |       0 |    7516 |   0.0 |       0 |       7 |   0.0 |    86
         Dis:6 |       0 |    1015 |   0.0 |       0 |       2 |   0.0 |    26
         Dis:7 |       0 |  110702 |   0.0 |       0 |      89 |   0.0 |   798
         Geh:1 |       0 |    6446 |   0.0 |       0 |      19 |   0.0 |    90
         Geh:2 |       0 |    2840 |   0.0 |       0 |       9 |   0.0 |    37
         Geh:3 |       0 |    9247 |   0.0 |       0 |      25 |   0.0 |    84
         Geh:4 |       0 |    1439 |   0.0 |       0 |       7 |   0.0 |    29
         Geh:7 |       0 |   96633 |   0.0 |       0 |     105 |   0.0 |  1001
         Coc:1 |       0 |    7958 |   0.0 |       0 |      21 |   0.0 |   134
         Coc:2 |       0 |    2197 |   0.0 |       0 |       7 |   0.0 |    37
         Coc:3 |       0 |   57572 |   0.0 |       0 |      45 |   0.0 |   274
         Coc:5 |       0 |     234 |   0.0 |       0 |       1 |   0.0 |    11
         Coc:6 |       0 |   10122 |   0.0 |       0 |      14 |   0.0 |    71
         Coc:7 |       0 |  103810 |   0.0 |       0 |     121 |   0.0 |   712
         Tar:1 |       0 |     708 |   0.0 |       0 |       5 |   0.0 |    19
         Tar:2 |       0 |    2260 |   0.0 |       0 |       6 |   0.0 |    21
         Tar:3 |       0 |    6044 |   0.0 |       0 |       9 |   0.0 |    53
         Tar:4 |       0 |    1337 |   0.0 |       0 |       5 |   0.0 |    49
         Tar:5 |       0 |     317 |   0.0 |       0 |       1 |   0.0 |    10
         Tar:6 |       0 |   32817 |   0.0 |       0 |      27 |   0.0 |   136
         Tar:7 |       0 |  118035 |   0.0 |       0 |      93 |   0.0 |   892
         Zot:1 |       0 |  105009 |   0.0 |       0 |      70 |   0.0 |   814
         Zot:2 |       0 |   59208 |   0.0 |       0 |      33 |   0.0 |   803
         Zot:3 |       0 |   37243 |   0.0 |       0 |      20 |   0.0 |   737
         Zot:4 |       0 |   44975 |   0.0 |       0 |      28 |   0.0 |   643
         Zot:5 |       0 |  276187 |   0.0 |       0 |      89 |   0.0 |  1348
         IceCv |       0 |   10393 |   0.0 |       0 |      51 |   0.0 |   882
               +---------+---------+-------+---------+---------+-------+---------
